 Dungeon Crawl Stone Soup version 0.30.1 (webtiles) character file.

Game seed: 2981825719892158029

60 Babbit the Covered (level 4, -4/28 HPs)
             Began as a Gargoyle Fighter on July 7, 2023.
             Slain by Natasha (5 damage)
             ... on level 3 of the Dungeon.
             The game lasted 00:13:06 (1375 turns).

Babbit the Covered (Gargoyle Fighter)               Turns: 1375, Time: 00:13:08

Health: -4/28      AC: 10    Str: 20    XL:     4   Next: 6%
Magic:  4/4        EV:  8    Int:  8    God:
Gold:   50         SH: 10    Dex: 11    Spells: 3/3 levels left

rFire   . . .        a - +0 flail
rCold   . . .        l - +2 kite shield {reflect}
rNeg    + . .        b - +0 scale mail
rPois   ∞            (no helmet)
rElec   +            (no cloak)
rCorr   .            (no gloves)
SInv    .            (no boots)
Will    .....        (no amulet) Stlth
                     (no ring)
HPRegen 0.24/turn    (no ring)
MPRegen 0.09/turn

%: reflection
@: mighty, slowed, very slow
A: sickness immunity, AC +3, negative energy resistance 1, electricity
resistance, torment resistance 1, petrification resistance
a: no special abilities


You were on level 3 of the Dungeon.
You visited 1 branch of the dungeon, and saw 3 of its levels.

You collected 50 gold pieces.

Inventory:

Hand Weapons
 a - a +0 flail (weapon)
Missiles
 k - 4 javelins (quivered)
Armour
 b - a +0 scale mail (worn)
 c - a +0 buckler
 l - a +2 kite shield of reflection (worn)
Scrolls
 e - a scroll of poison {unknown}
 f - a scroll of amnesia {unknown}
 i - 3 scrolls of identify {unknown}
 j - 2 scrolls of enchant weapon {unknown}
Potions
 g - a potion of brilliance {unknown}
 h - a potion of flight {unknown}
 m - a potion of attraction {unknown}
 n - a potion of haste {unknown}
 o - a potion of magic {unknown}


   Skills:
 + Level 3.5 Fighting
 + Level 3.0 Maces & Flails
 + Level 3.9 Armour
 + Level 0.3 Dodging
 + Level 3.7 Shields


You had 3 spell levels left.
You didn't know any spells.
Your spell library was empty.

Dungeon Overview and Level Annotations

Branches:
Dungeon (3/15)

Altars:

Annotations:
D:3 Natasha


Innate Abilities, Weirdness & Mutations

You are immune to sickness and miasma.
Your stone body is resilient. (AC +3)
You are immune to poison.
You resist negative energy. (rN+)
You are resistant to electric shocks. (rElec)
You are resistant to unholy torment.
You are immune to petrification.


Message History

Aim: Natasha (lightly wounded, 47% to hit)
You throw a javelin. The javelin closely misses Natasha.
You block the bat's attack. The bat hits you but does no damage.
You block the cerulean imp's attack.
You closely miss the bat.
The bat is moderately wounded.
The bat hits you but does no damage. You block the cerulean imp's attack.
Natasha stares at you and mumbles some strange words.
You feel yourself slow down.
You hit the bat.
You kill the bat!
You block the cerulean imp's attack.
The cerulean imp hits you from afar with a +0 spear.
Natasha misses you. You block Natasha's attack.
The cerulean imp hits you but does no damage.
You hit Natasha.
Natasha is moderately wounded.
The cerulean imp hits you from afar with a +0 spear.
Natasha claws you but does no damage.
Natasha mumbles some strange words.
The cerulean imp hits you but does no damage.
You barely miss Natasha.
Natasha is moderately wounded.
The cerulean imp disappears in a puff of smoke!
Natasha casts a spell.
You block the cerulean imp's attack. Natasha claws you.
* * * LOW HITPOINT WARNING * * *
The cerulean imp hits you but does no damage.
You feel very mighty all of a sudden.
Natasha stares at you and mumbles some strange words.
The magic dart hits you.
* * * LOW HITPOINT WARNING * * *
You block the cerulean imp's attack. The cerulean imp barely misses you.
You barely miss Natasha.
Natasha is moderately wounded.
Natasha claws you but does no damage.
The cerulean imp hits you from afar with a +2 spear.
* * * LOW HITPOINT WARNING * * *
You block the cerulean imp's attack. Natasha claws you.
You die...

####.# #.. ..# ....##
#.# #.## .#
#....###......# #.#
.#..#<#.#.#..###..## .
#...#.#.# ..... ...##..
#...#.#.# #..# .....
#..##.#.###..# ...#
+............###5..#...
#..##........5@h5....(.
#......#####.###...#.#.
##..#..# #<.. ...#
+...#..# #.###.....
#....... ... .......
##....... #5# .......
#.##..## ... .......
... .......


You could see Natasha, 2 cerulean imps and a shadow imp.

Vanquished Creatures
  An adder (D:2)
  5 bats
  4 endoplasms
  A giant cockroach (D:2)
  4 goblins
  5 hobgoblins
  2 jackals (D:1)
  3 kobolds
  2 quokkas (D:1)
  9 ball pythons
  6 frilled lizards
  5 rats
47 creatures vanquished.

Notes
Turn   | Place    | Note
-------+----------+-------------------------------------------
     0 | D:1      | Babbit the Gargoyle Fighter began the quest for the Orb.
     0 | D:1      | Reached XP level 1. HP: 14/14 MP: 1/1
   115 | D:1      | Reached XP level 2. HP: 19/19 MP: 2/2
   632 | D:1      | Found a faded altar of an unknown god.
   636 | D:1      | Reached XP level 3. HP: 21/23 MP: 3/3
  1186 | D:2      | Reached XP level 4. HP: 28/28 MP: 4/4
  1359 | D:3      | Noticed Natasha
  1375 | D:3      | HP: 1/28 [cerulean imp/+2 spear[Natasha] (4)]
  1375 | D:3      | Slain by Natasha

Illustrated notes

Levels and vault maps discovered:
D:1:      tarquinn_simple_flora_water_f, layout_loops_cross,
          shapermc_ecumenical_altar_flowoftime, minmay_split_cup_small
D:2:      layout_rooms
D:3:      layout_basic, mainiacjoe_overflow_24_doors, serial_forest,
          infiniplex_forest_split, infiniplex_forest_end_3,
          infiniplex_forest_split, infiniplex_forest_straight_2,
          infiniplex_forest_clump_large, infiniplex_forest_diagonal,
          infiniplex_forest_lined_ring, uniq_natasha

Skill      XL: |  1  2  3  4 |
---------------+-------------+-----
Maces & Flails | 3 |  3.0
Fighting       | |  3.5
Armour         | |  3.9
Dodging        | |  0.3
Shields        | |  3.7

Action                     |  1- 3 |  4- 6 || total
---------------------------+-------+-------++-------
  Melee: Flail             |   143 |    26 ||   169
  Throw: Javelin           |     2 |     1 ||     3
    Use: Potion            |       |     1 ||     1
 Armour: Scale mail        |    91 |    25 ||   116
  Dodge: Dodged            |    46 |    11 ||    57
  Block: Buckler           |    12 |       ||    12
         Kite shield       |    44 |    26 ||    70
